 Dungeon Crawl Stone Soup version 0.26-a0-639-g72c4674329 (webtiles) character file.

Game seed: 17560330299282309751

5995 PentaManta the Slicer (level 11, -13/63 HPs)
             Began as a Halfling Gladiator on Sept 20, 2020.
             Was an Elder of Hepliaklqana.
             Mangled by a tentacled starspawn (32 damage)
             ... on level 1 of the Abyss.
             The game lasted 00:40:26 (11844 turns).

PentaManta the Slicer (Halfling Gladiator)         Turns: 11844, Time: 00:40:27

Health: -13/63     AC: 12    Str: 18    XL:     11   Next: 10%
Magic:  11/11      EV: 19    Int:  6    God:    Hepliaklqana [****..]
Gold:   1723       SH:  0    Dex: 17    Spells: 10/10 levels left

rFire    . . .     SeeInvis +   P - +4 long sword (holy)
rCold    . . .     Faith    .   (shield restricted)
rNeg     . . .     Spirit   .   u - +0 swamp dragon scales
rPois    +         Reflect  .   c - +0 helmet
rElec    .         Harm     .   F - +0 cloak {rCorr}
rCorr    +         Rampage  .   (no gloves)
MR       .....                  (no boots)
Stlth    +.........             (no amulet)
HPRegen  0.00/turn              l - ring of poison resistance
MPRegen  0.12/turn              v - ring of see invisible

@: about to teleport, non-regenerating, diseased
A: small, reduced essence, mutation resistance 1
a: Recall Ancestor, Ancestor Identity, Transference, Idealise, Renounce Religion


You were on level 1 of the Abyss.
You worshipped Hepliaklqana.
Hepliaklqana was greatly pleased with you.
You visited 2 branches of the dungeon, and saw 11 of its levels.
You visited the Abyss 1 time.
You also visited: Bailey.

You collected 1785 gold pieces.
You spent 62 gold pieces at shops.

Inventory:

Hand Weapons
 a - a +1 rapier
 g - a +1 whip of freezing
 i - a +0 short sword
 p - the +5 mace of the Sky {pain, Str+2}
   (You found it on level 6 of the Dungeon)

   In the hands of one skilled in necromantic magic, it inflicts extra damage on
   living creatures.
   It affects your strength (+2).
 x - a +0 hand axe of electrocution
 y - a +2 quarterstaff of chaos
 G - a +0 mace of draining
 N - a +0 dagger
 P - a +4 long sword of holy wrath (weapon)
Missiles
 s - 52 poisoned darts (quivered)
 D - 7 curare-tipped darts
Armour
 b - a +0 plate armour
 c - a +0 helmet (worn)
 u - +0 swamp dragon scales (worn)
 F - a +0 cloak of preservation (worn)
 J - a +3 ring mail of cold resistance
Jewellery
 h - an uncursed ring of protection from magic
 l - a ring of poison resistance (left hand)
 v - a ring of see invisible (right hand)
 B - the ring "Nisurei" {Dex+2 Stlth+}
   (You found it on level 6 of the Dungeon)

   [ring of stealth]

   It affects your dexterity (+2).
   It makes you more stealthy.
 E - an uncursed ring of protection from magic
Wands
 k - a wand of acid (4)
 m - a wand of enslavement (8)
 w - a wand of polymorph (12)
 A - a wand of digging (5)
Scrolls
 e - 5 scrolls of identify
 f - 3 scrolls of teleportation
 j - 10 scrolls of remove curse
 q - 8 scrolls of enchant weapon
 t - a scroll of blinking
 O - a scroll of fog {unknown}
Potions
 n - a potion of cancellation
 r - a potion of might
 z - 2 potions of magic
 C - a potion of flight
 I - a potion of berserk rage
 L - a potion of brilliance
 M - 2 potions of lignification
Miscellaneous
 d - a tin of tremorstones (3/3)
 H - a phantom mirror


   Skills:
 + Level 4.8 Fighting
 + Level 13.5 Short Blades
 - Level 2.0 Throwing
 * Level 7.6 Armour
 * Level 8.5 Dodging


You had 10 spell levels left.
You didn't know any spells.
Your spell library contained the following spells:

 Spells                   Type           Power        Failure   Level
 Animate Skeleton         Necr           #.....       63%         1
 Apportation              Tloc           #.....       63%         1
 Corona                   Hex            #......      63%         1
 Summon Small Mammal      Summ           #...         63%         1


Dungeon Overview and Level Annotations

Branches:
Dungeon (10/15)            Temple (1/1) D:7          Bailey (visited)
   Lair: D:8-11         Orc: D:9-12

Altars:
Ashenzari
Cheibriados
Dithmenos
Elyvilon
Fedhas
Gozag
Hepliaklqana
Kikubaaqudgha
Makhleb
Nemelex Xobeh
Okawaru
Qazlal
Ru
Sif Muna
Trog
Uskayaw
Vehumet
Wu Jian
Xom
Yredelemnul
Zin
The Shining One

Shops:
D:8 *


Innate Abilities, Weirdness & Mutations

You are small and have problems with some larger weapons.
You are somewhat resistant to further mutation.
Your life essence is reduced to manifest your ancestor. (-10% HP)


Message History

Found a viscous altar of Jiyva.
Tentacles burst from the starspawn's body!
Found 20 gold pieces. 2 starspawn tentacles come into view.
The starspawn tentacle grabs you. The starspawn tentacle constricts you.
The starspawn tentacle's grasp on you weakens, but your attempt to escape fails.
The starspawn tentacle loses its grip on you.
The tentacle pulls you backwards!
An ancient zyme comes into view.
You feel yourself growing ill in the presence of the ancient zyme.
The ancient zyme closely misses you. The ancient zyme misses you.
The ancient zyme hits you. x2; You feel ill.
As you read the scroll of teleportation, it crumbles to dust.
You feel strangely unstable.
You feel the power of the Abyss delaying your translocation!
You see here 20 gold pieces.
You now have 1723 gold pieces (gained 20).
You feel ill. The tentacled starspawn bites you!!
Ouch! That really hurt!
You die...

# #### .# ..#
.# ##.#####.#
#..#x.@.#
#...5X####
#..#.#...#
##..x#..#.#
###.#...###
#.....#..#. #
##...#..#.# .#
#.....#.#.#.#(.
...#.#.#.##.#.


You could see a tentacled starspawn, an ancient zyme, a small abomination and a
white imp.

Vanquished Creatures
  Pikel (D:5)
  Maggie (D:6)
  An ancient zyme (Abyss:1)
  A troll (D:10)
  A ynoxinul (Abyss:1)
  Grum (D:9)
  2 small abominations (Abyss:1)
  Menkaure (D:5)
  Duvessa (D:7)
  4 orc warriors (Bailey)
  3 sky beasts
  2 ice beasts
  2 phantoms
  A necrophage (D:6)
  A centaur (D:8)
  3 ogres
  2 wolves (D:9)
  A crocodile (D:9)
  4 bullfrogs
  A wyvern zombie (D:9)
  Dowan (D:7)
  2 scorpions
  4 killer bees (D:8)
  A wight (Abyss:1)
  3 howler monkeys (D:9)
  A bullfrog zombie (D:6)
  2 hounds
  An orc priest (D:9)
  2 orc wizards
  Crazy Yiuf (D:6)
  A bullfrog skeleton (D:9)
  2 centaur skeletons
  2 iguanas
  Natasha (thrice) (D:2)
  5 worker ants
  A worker ant zombie (D:5)
  3 adders
  3 gnolls (Bailey)
  A shadow imp (D:5)
  3 white imps
  2 ufetubi
  2 oozes
  2 adder skeletons
  2 worms
  A dart slug (D:2)
  4 leopard geckos
  23 orcs
  2 ball pythons
  3 bats
  4 giant cockroaches
  6 goblins
  6 hobgoblins
  12 jackals
  3 quokkas
  A frilled lizard (D:2)
  A jackal skeleton (D:6)
  18 kobolds
  10 rats
178 creatures vanquished.

Vanquished Creatures (collateral kills)
  A centaur skeleton (D:10)
  A chaos spawn (D:10)
  A sky beast (D:8)
  An orc warrior (Bailey)
  An ice beast (D:6)
  An ogre (D:7)
  A bullfrog (D:8)
  A howler monkey (D:9)
  An orc priest (D:7)
  An iguana (D:7)
  An adder (D:2)
  2 shadow imps
  2 orcs
  2 goblins (D:9)
  4 kobolds (Bailey)
21 creatures vanquished.

Vanquished Creatures (others)
  2 hexers
  An adder (D:2)
  An ancestor (D:5)
  13 starspawn tentacles (Abyss:1)
17 creatures vanquished.

Grand Total: 216 creatures vanquished

Notes
Turn   | Place    | Note
-------+----------+-------------------------------------------
     0 | D:1      | PentaManta the Halfling Gladiator began the quest for the
                  | Orb.
     0 | D:1      | Reached XP level 1. HP: 14/14 MP: 1/1
   187 | D:1      | Reached skill level 4 in Short Blades
   335 | D:1      | Reached XP level 2. HP: 19/19 MP: 2/2
   809 | D:2      | Reached XP level 3. HP: 24/24 MP: 3/3
   884 | D:2      | Reached skill level 5 in Short Blades
  1455 | D:2      | Found a snail-covered altar of Cheibriados.
  1773 | D:3      | Reached XP level 4. HP: 29/29 MP: 4/4
  1801 | D:3      | Reached skill level 6 in Short Blades
  2040 | D:3      | Noticed Natasha
  2058 | D:2      | Killed Natasha
  2061 | D:2      | Reached XP level 5. HP: 18/34 MP: 5/5
  2349 | D:2      | Found a snail-covered altar of Cheibriados.
  2472 | D:2      | Noticed Natasha
  2480 | D:2      | Killed Natasha
  2576 | D:2      | Noticed Natasha
  2589 | D:2      | Killed Natasha
  2589 | D:2      | Reached skill level 7 in Short Blades
  2911 | D:3      | Reached XP level 6. HP: 32/39 MP: 6/6
  3553 | D:4      | Reached skill level 8 in Short Blades
  3939 | D:4      | Noticed an ogre
  3995 | D:4      | Reached skill level 9 in Short Blades
  3995 | D:4      | Reached XP level 7. HP: 18/44 MP: 7/7
  4715 | D:5      | Entered Level 5 of the Dungeon
  4777 | D:5      | Noticed Menkaure
  4788 | D:6      | Noticed Maggie
  5170 | D:5      | Killed Menkaure
  5170 | D:5      | Reached skill level 10 in Short Blades
  5466 | D:5      | Found a white marble altar of Elyvilon.
  5469 | D:5      | Found a hazy altar of Hepliaklqana.
  5472 | D:5      | Found an ornate altar of the Wu Jian Council.
  5478 | D:5      | Became a worshipper of Hepliaklqana the Forgotten
  5494 | D:5      | Noticed Pikel
  5535 | D:5      | Killed Pikel
  5535 | D:5      | Reached skill level 11 in Short Blades
  5535 | D:5      | Reached XP level 8. HP: 19/44 MP: 8/8
  5887 | D:5      | Reached skill level 12 in Short Blades
  6286 | D:6      | Got an ancient granite ring
  6288 | D:6      | Identified the ring "Nisurei" {Dex+2 Stlth+} (You found it
                  | on level 6 of the Dungeon)
  6374 | D:6      | Reached XP level 9. HP: 48/48 MP: 9/9
  6385 | D:6      | Reached skill level 1 in Armour
  6539 | D:6      | Killed Maggie
  6631 | D:6      | Found a runed translucent door.
  6632 | D:6      | Noticed Crazy Yiuf
  6633 | D:6      | Got a bloodstained mace
  6648 | D:6      | Killed Crazy Yiuf
  6648 | D:6      | Reached skill level 5 in Dodging
  7546 | D:7      | Identified the +5 mace of the Sky {pain, Str+2} (You found
                  | it on level 6 of the Dungeon)
  7604 | D:7      | Reached * piety under Hepliaklqana
  7645 | D:7      | Found a staircase to the Ecumenical Temple.
  7728 | Temple   | Entered the Ecumenical Temple
  8325 | D:7      | Noticed Duvessa
  8325 | D:7      | Noticed Dowan
  8345 | D:7      | Killed Duvessa
  8351 | D:7      | Killed Dowan
  8404 | D:7      | Reached XP level 10. HP: 56/56 MP: 10/10
  8667 | D:8      | Found Varuetur's Assorted Antiques.
  8674 | D:8      | Reached skill level 5 in Armour
  8683 | D:8      | Reached skill level 13 in Short Blades
  8933 | D:8      | Reached ** piety under Hepliaklqana
  8934 | D:8      | Remembered your ancestor Mr.E as a hexer
  8936 | D:8      | Bought a sedimented green potion for 31 gold pieces
  8936 | D:8      | Bought a fuming cyan potion for 31 gold pieces
  9005 | D:8      | Found a shadowy altar of Dithmenos.
  9191 | D:9      | Found a flagged portal.
  9203 | Bailey   | Entered a bailey
 10440 | D:9      | Reached *** piety under Hepliaklqana
 10887 | D:10     | Entered Level 10 of the Dungeon
 11066 | D:10     | Noticed Grum
 11278 | D:9      | Killed Grum
 11284 | D:10     | Cast into level 1 of the Abyss (orc warrior)
 11284 | Abyss:1  | Found a corrupted altar of Lugonu.
 11323 | Abyss:1  | Reached XP level 11. HP: 41/63 MP: 11/11
 11346 | Abyss:1  | Found a corrupted altar of Lugonu.
 11406 | Abyss:1  | Noticed a tentacled starspawn
 11413 | Abyss:1  | Found a shadowy altar of Dithmenos.
 11474 | Abyss:1  | Noticed a cyan very ugly thing
 11474 | Abyss:1  | Noticed a cyan very ugly thing
 11474 | Abyss:1  | Noticed a cyan very ugly thing
 11474 | Abyss:1  | Noticed a cyan very ugly thing
 11474 | Abyss:1  | Noticed a cyan ugly thing
 11478 | Abyss:1  | Noticed a cyan very ugly thing
 11505 | Abyss:1  | Noticed a profane servitor
 11547 | Abyss:1  | Noticed a lich
 11621 | Abyss:1  | Reached **** piety under Hepliaklqana
 11627 | Abyss:1  | Noticed a tentacled starspawn
 11639 | Abyss:1  | Noticed a tentacled starspawn
 11646 | Abyss:1  | Noticed a large abomination
 11822 | Abyss:1  | Noticed a tentacled starspawn
 11827 | Abyss:1  | Found a viscous altar of Jiyva.
 11844 | Abyss:1  | Mangled by a tentacled starspawn

Illustrated notes

Levels and vault maps discovered:
D:1:      dpeg_arrival_three_smaller_balls, layout_loops_ring
D:2:      layout_rooms, marbit_many_paths
D:3:      layout_rooms, ebering_dispersal_statue_hall, uniq_natasha
D:4:      layout_gridville
D:5:      layout_rooms, grunt_temple_overflow_diamond, uniq_menkaure, uniq_pikel
D:6:      layout_basic, uniq_crazy_yiuf_cottage, uniq_maggie
D:7:      layout_cave_pods, minmay_temple_entry_glassed_door, kennysheep_potato,
          uniq_duvessa
D:8:      layout_cave_pools, serial_shops, shop, nicolae_dithmenos_shadow_blocks
D:9:      layout_long_grid, enter_bailey_3, minmay_misc_feat_iff
D:10:     layout_big_octagon, lair_entry_dummy, orc_0_dummy,
          minmay_guarded_unrand_variability, uniq_snorg, uniq_grum
Temple:   regret_index_temple_mists
Abyss:1:  base: D:14, evilmike_abyss_exit_kraken,
          onia_ninara_dug_in_and_dangerous

Skill      XL: |  1  2  3  4  5  6  7  8  9 10 |
---------------+-------------------------------+-----
Short Blades   | 4 5 6 7 9 11 12 13 | 13.5
Armour         | 4 7 |  7.6
Fighting       | 3 4 |  4.8
Dodging        | 6 8 |  8.5
Throwing       | |  2.0

Action                   |  1- 3 |  4- 6 |  7- 9 | 10-12 || total
-------------------------+-------+-------+-------+-------++-------
Melee: Rapier            |    88 |   123 |   314 |   269 ||   794
       Long sword        |       |       |       |    52 ||    52
       Dagger            |       |       |       |    16 ||    16
Throw: Dart              |       |    10 |     5 |     8 ||    23
       Throwing net      |       |       |       |     3 ||     3
Invok: Ancestor Identity |       |       |     1 |       ||     1
       Ancestor Life: He |       |       |       |     1 ||     1
Evoke: Wand              |     1 |     1 |       |       ||     2
  Use: Scroll            |       |    13 |     3 |    13 ||    29
       Potion            |       |       |     1 |    10 ||    11
 Stab: Distracted        |       |     1 |     1 |     3 ||     5
       Sleeping          |       |       |     1 |       ||     1
       Confused          |       |       |       |     4 ||     4
       Invisible         |       |       |       |     4 ||     4
Armor: Leather armour    |    24 |    30 |    34 |       ||    88
       Swamp dragon scal |       |       |     8 |    44 ||    52
       Ring mail         |       |       |       |    44 ||    44
Dodge: Dodged            |    75 |    77 |   158 |   426 ||   736
       Rpst.: Long sword |       |       |       |    32 ||    32

Table legend: (Time is in decaauts)
 A = Elapsed time spent in this place.
 B = Non-inter-level travel time spent in this place.
 C = Inter-level travel time spent in this place.
 D = Time resting spent in this place.
 E = Time spent auto-exploring this place.
 F = Levels seen in this place.
 G = Mean time per level.
                   A        B        C        D        E       F      G
               +--------+--------+--------+--------+--------+-----+--------+
         Total |  11625 |  11136 |    489 |   2338 |   6168 |  13 |  894.2 |
       Dungeon |   9910 |   9445 |    465 |   1881 |   5889 |  10 |  991.0 |
        Temple |    200 |    176 |     24 |      0 |    174 |   1 |  200.0 |
         Abyss |    559 |    559 |      0 |      0 |     55 |   1 |  559.0 |
        Bailey |    955 |    955 |      0 |    457 |     49 |   1 |  955.0 |
               +--------+--------+--------+--------+--------+-----+--------+

Top non-repeatable levels by time:
     D:2: 1803 daAuts
     D:4: 1774 daAuts
     D:6: 1417 daAuts
     D:9: 1058 daAuts
     D:5: 971 daAuts
     D:7: 958 daAuts
  Bailey: 955 daAuts
     D:1: 797 daAuts
     D:3: 655 daAuts
 Abyss:1: 559 daAuts
     D:8: 354 daAuts
  Temple: 200 daAuts
    D:10: 119 daAuts
